 Dungeon Crawl Stone Soup version 0.17-a0-1378-g281efdd (webtiles) character file.

7716 RobertPalmer the Bludgeoner (level 11, 7/100 HPs)
             Began as an Ogre Chaos Knight on June 9, 2015.
             Quit the game on level 3 of the Lair of Beasts on June 14, 2015.
             The game lasted 00:24:50 (12385 turns).

RobertPalmer the Bludgeoner (Ogre Chaos Knight)    Turns: 12385, Time: 00:24:50

Health: 7/100      AC:  4    Str: 19    XL:     11   Next: 19%
Magic:  13/13      EV: 13    Int: 11    God:    Xom [.....*]
Gold:   1451       SH:  0    Dex: 10    Spells: 0 memorised, 10 levels left

rFire  + . .     SeeInvis +     a - +1 whip (elec)
rCold  . . .     Clarity  .     S - +0 robe {rF+}
rNeg   + . .     SustAt   .     (no shield)
rPois  .         Gourm    .     h - +0 hat
rElec  .         Spirit   .     q - +1 cloak
rCorr  .         Warding  .     (gloves unavailable)
rMut   .         Stasis   .     (boots unavailable)
MR     +....                    r - amulet of rage {+Rage, !d}
Stlth  +.........               k - ring of positive energy {rN+}
                                g - ring of see invisible {sInv, !d}

@: lethally poisoned (7 -> -2), somewhat resistant to hostile enchantments, very
unstealthy
A: unfitting armour, clumsy 1, deformed body, tough skin 1
a: Renounce Religion, Evoke Berserk Rage


You were on level 3 of the Lair of Beasts.
You worshipped Xom.
You were Xom's teddy bear.
You were not hungry.

You visited 2 branches of the dungeon, and saw 11 of its levels.

You collected 1678 gold pieces.
You spent 227 gold pieces at shops.

Inventory:

Hand weapons
 a - a +1 whip of electrocution (weapon)
   (You took it off Pikel on level 8 of the Dungeon)
 b - a +0 great mace
   (You bought it in a shop on level 6 of the Dungeon)
Armour
 h - a +0 hat (worn)
   (Xom gifted it to you on level 2 of the Lair of Beasts)
 q - a +1 cloak (worn)
   (You found it on level 2 of the Dungeon)
 S - a +0 robe of fire resistance (worn)
   (You took it off Psyche on level 8 of the Dungeon)
Jewellery
 g - a ring of see invisible (left hand) {sInv, !d}
   (You found it on level 2 of the Lair of Beasts)
 i - an uncursed ring of flight {+Fly, !d}
   (You found it on level 3 of the Dungeon)
 k - a ring of positive energy (right hand) {rN+}
   (You found it on level 2 of the Lair of Beasts)
 r - an amulet of rage (around neck) {+Rage, !d}
   (You found it on level 2 of the Dungeon)
 v - a +5 ring of intelligence
   (You found it on level 2 of the Lair of Beasts)
 A - an uncursed ring of teleport control {cTele, !d}
   (You found it on level 3 of the Dungeon)
 H - an uncursed ring of magical power {MP+9}
   (You found it on level 4 of the Dungeon)
 K - an uncursed ring of wizardry {Wiz+, !d}
   (You found it on level 7 of the Dungeon)
Magical devices
 o - a wand of digging (9)
   (You found it on level 7 of the Dungeon)
 x - a wand of cold (0)
   (You found it on level 2 of the Lair of Beasts)
 y - a wand of enslavement (8)
   (You found it on level 5 of the Dungeon)
 C - a wand of digging (21)
   (You found it on level 4 of the Dungeon)
 D - a wand of flame (20)
   (You found it on level 7 of the Dungeon)
 E - a wand of hasting (2)
   (You found it on level 7 of the Dungeon)
 M - a wand of disintegration (4)
   (You found it on level 8 of the Dungeon)
Scrolls
 d - 2 scrolls of fear
 f - 3 scrolls of remove curse
 l - a scroll of fog
 m - a scroll of identify
 w - 2 scrolls of recharging
 B - 3 scrolls of magic mapping {!r}
Potions
 e - a potion of degeneration {unknown}
 j - a potion of magic
 s - a potion of haste
 z - a potion of brilliance {unknown}
 F - a potion of cure mutation {unknown}
 L - a potion of poison {unknown}
 N - a potion of mutation {unknown}
 O - a potion of berserk rage {unknown}
Books
 p - a book of Clouds
   (You found it on level 8 of the Dungeon)
 P - a book of Party Tricks
   (You found it on level 8 of the Dungeon)
 R - a book of Cantrips
   (You found it on level 8 of the Dungeon)
Comestibles
 c - 7 bread rations {@e1}
 n - 3 slices of pizza
 t - 6 fruits
 u - 10 meat rations {@e2}
 T - 2 beef jerkies


   Skills:
 - Level 4.0 Fighting
 - Level 17.0 Maces & Flails
 + Level 8.3 Dodging
 - Level 3.6 Evocations


You had 10 spell levels left.
You didn't know any spells.

Dungeon Overview and Level Annotations

Branches:
Dungeon (8/15)             Temple (0/1) D:4            Lair (3/8) D:8
  Swamp: Lair:3-6    Shoals: Lair:3-6     Snake: Lair:3-6    Spider: Lair:3-6

Altars:
Ashenzari
Cheibriados
Fedhas
Kikubaaqudgha
Nemelex Xobeh
Ru
Sif Muna
Vehumet
Xom
Yredelemnul
Zin
The Shining One

Shops:
D:4 }   D:5 }   D:6 (   D:8 !((?(


Innate Abilities, Weirdness & Mutations

You are too large for most types of armour.
You have tough skin (AC +1).
You are clumsy. (Dex -2)
Armour fits poorly on your strangely shaped body.


Message History

You see here an iguana corpse.
You butcher the iguana corpse.
G - 2 chunks of flesh {@w0} Eating one of 2 chunks of flesh {@w0}.
You are feeling hungry.
You continue eating. x2
Eating a chunk of flesh {@w0}.
You continue eating. x2
Found an escape hatch in the floor.
There is an escape hatch in the floor here.
A black mamba comes into view.
The black mamba hisses angrily.
The black mamba closely misses you. The black mamba misses you.
You closely miss the black mamba. The black mamba closely misses you.
You barely miss the black mamba. The black mamba closely misses you.
You hit the black mamba. You hit the black mamba. The black mamba bites you.
You take 6 damage, and have 94/100 hp.
You hit the black mamba. The black mamba barely misses you.
You completely miss the black mamba. The black mamba bites you.
You take 4 damage, and have 90/100 hp.
You barely miss the black mamba. The black mamba completely misses you.
You hit the black mamba but do no damage.
The black mamba bites you!
You take 16 damage, and have 74/100 hp.
You hit the black mamba.
The black mamba bites you but does no damage.
You closely miss the black mamba. The black mamba closely misses you.
You closely miss the black mamba. The black mamba bites you!
You are poisoned.
The black mamba poisons you!
You take 8 damage, and have 66/100 hp.
You barely miss the black mamba.
You feel sick. The black mamba bites you!
You take 12 damage, and have 54/100 hp.
You barely miss the black mamba.
You feel sick.
You take 1 damage, and have 53/100 hp.
You barely miss the black mamba.
You feel sick. The black mamba misses you.
You take 1 damage, and have 52/100 hp.
You barely miss the black mamba.
You feel sick. The black mamba closely misses you.
You take 1 damage, and have 51/100 hp.
Unknown command.
Drink which item? (? for menu, Esc to quit)
Okay, then.
Read which item? (? for menu, Esc to quit)
As you read the scroll of fear, it crumbles to dust.
You assume a fearsome visage.
The black mamba looks frightened!
You feel sick.
You take 1 damage, and have 50/100 hp.
You feel sick.
You take 1 damage, and have 49/100 hp.
You feel sick.
You take 1 damage, and have 48/100 hp.
You feel sick.
You take 1 damage, and have 47/100 hp.
You feel sick.
You take 1 damage, and have 46/100 hp.
You feel sick.
You feel sick.
You take 1 damage, and have 45/100 hp.
You feel sick.
You take 1 damage, and have 44/100 hp.
You feel sick.
You take 1 damage, and have 43/100 hp.
You feel sick.
You feel sick.
You take 1 damage, and have 42/100 hp.
You start resting.
You feel sick.
You feel sick. x3
The black mamba closely misses you.
You take 1 damage, and have 41/100 hp.
A black mamba is nearby!
Unknown command.
A black mamba is nearby!
A black mamba is nearby!
Unknown command.
That item cannot be evoked!
Unknown command.
Aim: a black mamba (lightly wounded)
The bolt of cold hits the black mamba.
Evoking this partially-identified wand wasted a few charges.
You feel sick. The black mamba misses you.
You take 1 damage, and have 40/100 hp.
Aim: a black mamba (heavily wounded) Nothing appears to happen.
The black mamba bites you! The black mamba bites you!
* * * LOW HITPOINT WARNING * * *
You take 22 damage, and have 18/100 hp.
MASSIVE DAMAGE!!
Aim: a black mamba (heavily wounded, chance to defeat MR: 76%)
The black mamba is blasted.
This wand has 4 charges left.
The black mamba bites you.
* * * LOW HITPOINT WARNING * * *
The black mamba bites you!
* * * LOW HITPOINT WARNING * * *
You are lethally poisoned!
The black mamba poisons you!
You take 11 damage, and have 7/100 hp.
Okay, then.
Drink which item? (? for menu, Esc to quit)
Okay, then.

###.#......>.......
#####....#####.#.P##..#
#.#......# #...####.##
#...##...# ##P.# #...
###.#...## ##........
#.......## .........
###......## #.........
#..#S...#.......###P
#.#@#.........
#####..####... #...#
##.### . #..P.## ..
##....##.. ##.........
###P...#.##.#....
#.......## #....


You could see a black mamba.

Vanquished Creatures
  Pikel (D:8)
  Joseph (D:8)
  Psyche (D:8)
  A fire drake (Lair:2)
  A spiny frog (Lair:2)
  2 komodo dragons
  Grinder (D:4)
  A wind drake (Lair:2)
  3 blink frogs (Lair:2)
  7 yaks (Lair:2)
  2 steam dragons
  Menkaure (D:4)
  2 water moccasins
  2 porcupines (Lair:2)
  3 centaurs
  A necrophage (D:8)
  A phantom (D:7)
  A boggart (D:4)
  2 sky beasts
  A crocodile (Lair:2)
  8 giant frogs
  A scorpion (D:5)
  A vampire bat (D:6)
  3 crimson imps
  2 centaur zombies (D:6)
  A giant frog zombie (D:7)
  A quasit (D:6)
  An iguana (Lair:3)
  Ijyb (D:2)
  2 centaur skeletons
  4 hounds
  An iron imp (D:7)
  5 orc priests
  5 orc wizards
  A worker ant (D:7)
  Robin (D:2)
  19 river rats (Lair:2)
  10 adders
  2 oozes
  4 worms
  A giant gecko (D:1)
  26 orcs
  6 ball pythons
  3 bat skeletons
  5 bat zombies
  A giant cockroach (shapeshifter) (Lair:2)
  2 gnoll zombies (D:7)
  27 goblins
  19 hobgoblins
  12 jackals
  A ball python skeleton (D:4)
  9 bats
  2 giant cockroaches
  6 giant newts
  A jackal skeleton (D:7)
  A jackal zombie (D:6)
  12 kobolds
  6 quokkas
  2 quokka zombies
  A rat (shapeshifter) (D:6)
  16 rats
267 creatures vanquished.

Vanquished Creatures (collateral kills)
  An orc warrior (D:6)
  An orc wizard (D:6)
  An orc priest (D:6)
  2 orcs
5 creatures vanquished.

Vanquished Creatures (others)
  2 slaves (D:8)
  A big kobold (D:8)
  A worker ant (D:8)
  An adder (D:3)
  6 kobolds (D:8)
  A ball python (D:3)
  5 plants (D:8)
17 creatures vanquished.

Grand Total: 289 creatures vanquished

Notes
Turn   | Place    | Note
--------------------------------------------------------------
     0 | D:1      | RobertPalmer the Ogre Chaos Knight began the quest for the Orb.
     0 | D:1      | Reached XP level 1. HP: 24/24 MP: 1/1
    76 | D:1      | XOM: harmless Ice miscast
   137 | D:1      | Reached XP level 2. HP: 30/32 MP: 2/2
   191 | D:1      | Reached skill level 5 in Maces & Flails
   193 | D:1      | XOM: harmless Hex miscast
   351 | D:1      | Reached XP level 3. HP: 37/39 MP: 3/3
   667 | D:2      | XOM: silly message
   668 | D:2      | XOM: divination: detect items
   670 | D:2      | Noticed Robin
   681 | D:2      | Killed Robin
   681 | D:2      | Reached skill level 6 in Maces & Flails
   700 | D:2      | Reached XP level 4. HP: 24/48 MP: 4/4
  1269 | D:2      | Reached skill level 7 in Maces & Flails
  1300 | D:2      | XOM: enchant monster (bad)
  1316 | D:2      | Reached XP level 5. HP: 31/54 MP: 5/5
  1329 | D:2      | XOM: harmless Pois miscast
  1562 | D:2      | Noticed Ijyb
  1572 | D:2      | Killed Ijyb
  1600 | D:2      | Reached skill level 8 in Maces & Flails
  1623 | D:2      | XOM: harmless Chrm miscast
  1784 | D:2      | XOM: give mutations
  1784 | D:2      | Gained mutation: Armour fits poorly on your strangely shaped body. [Xom's mischief]
  1784 | D:2      | Gained mutation: You are clumsy. (Dex -2) [Xom's mischief]
  1951 | D:3      | XOM: noise
  2006 | D:3      | HP: 10/54 [kobold/whip (8)]
  2008 | D:3      | HP: 3/54 [kobold/whip (3)]
  2216 | D:3      | XOM: colour smoke trail
  2327 | D:3      | Reached XP level 6. HP: 39/62 MP: 6/6
  2580 | D:3      | Found a radiant altar of Vehumet.
  2658 | D:3      | XOM: harmless Summ miscast
  2767 | D:3      | XOM: silly message
  2800 | D:4      | Noticed Eustachio
  2801 | D:4      | Noticed Eustachio
  2801 | D:4      | Eustachio changed into Eustachio the boggart
  2801 | D:4      | XOM: polymorph Eustachio -> Eustachio the boggart
  2808 | D:4      | Killed Eustachio the boggart
  2808 | D:4      | Reached skill level 1 in Evocations
  2946 | D:4      | Found a sacrificial altar of Ru.
  2984 | D:4      | Reached skill level 2 in Evocations
  3094 | D:4      | XOM: mild Ice miscast
  3120 | D:4      | Found Kotsamunoh's Gadget Shop.
  3137 | D:4      | Noticed Grinder
  3138 | D:4      | XOM: summons friendly crimson imp
  3144 | D:4      | Paralysed by Grinder for 4 turns
  3146 | D:4      | XOM: blink monster(s)
  3149 | D:4      | XOM: enchant monster (good)
  3153 | D:4      | Killed Grinder
  3153 | D:4      | Reached skill level 3 in Evocations
  3153 | D:4      | Reached XP level 7. HP: 47/70 MP: 7/9
  3268 | D:4      | XOM: harmless Conj miscast
  3372 | D:4      | Noticed Menkaure
  3382 | D:4      | XOM: divination: detect creatures
  3391 | D:4      | Killed Menkaure
  3391 | D:4      | Reached skill level 9 in Maces & Flails
  3678 | D:4      | Found a staircase to the Ecumenical Temple.
  3777 | D:4      | Found a glowing silver altar of Zin.
  3792 | D:4      | XOM: vitrification
  3984 | D:5      | Entered Level 5 of the Dungeon
  4138 | D:5      | Found Noqol's Quality Used Wands.
  4139 | D:5      | Reached skill level 10 in Maces & Flails
  4139 | D:5      | Reached XP level 8. HP: 73/78 MP: 10/10
  4161 | D:5      | XOM: harmless Erth miscast
  4311 | D:5      | Reached skill level 11 in Maces & Flails
  4504 | D:5      | XOM: harmless Ice miscast
  4676 | D:5      | XOM: cast spell 'Necromutation'
  4988 | D:5      | Found a sparkling altar of Nemelex Xobeh.
  5040 | D:6      | XOM: divination: detect items
  5253 | D:6      | Reached skill level 12 in Maces & Flails
  5344 | D:6      | Found a shattered altar of Ashenzari.
  5443 | D:6      | HP: 17/78 [centaur zombie (5)]
  5451 | D:6      | HP: 17/78 [poisoned by an adder]
  5781 | D:6      | XOM: scenery: 1 doors open, 1 doors close
  5807 | D:6      | Found Gouf's Antique Weapon Shoppe.
  5952 | D:6      | Found an ancient bone altar of Kikubaaqudgha.
  6020 | D:6      | Reached skill level 13 in Maces & Flails
  6037 | D:6      | XOM: enchant monster (good)
  6187 | D:6      | Found a deep blue altar of Sif Muna.
  6248 | D:6      | XOM: confuse monster(s)
  6254 | D:6      | Reached XP level 9. HP: 84/84 MP: 11/11
  6381 | D:6      | XOM: confuse monster(s)
  6491 | D:6      | XOM: 6-stop teleportation journey
  6518 | D:6      | Bought a great mace for 227 gold pieces
  6795 | D:7      | XOM: divination: detect creatures
  6805 | D:7      | Reached skill level 14 in Maces & Flails
  6810 | D:7      | XOM: confuse monster(s)
  6888 | D:7      | Found a glowing golden altar of the Shining One.
  6927 | D:7      | Found a snail-covered altar of Cheibriados.
  6956 | D:7      | HP: 19/84 [centaur (3)]
  6962 | D:7      | HP: 19/84 [quokka (3)]
  7005 | D:7      | XOM: silly message
  7275 | D:7      | Found a basalt altar of Yredelemnul.
  7369 | D:7      | Found a blossoming altar of Fedhas.
  7505 | D:8      | Found Yphomaf's Magic Scroll Boutique.
  7521 | D:8      | Noticed Joseph
  7538 | D:8      | Killed Joseph
  7538 | D:8      | Reached skill level 15 in Maces & Flails
  7550 | D:8      | Noticed Pikel
  7554 | D:8      | XOM: summons friendly quasit
  7564 | D:8      | Killed Pikel
  7597 | D:8      | Reached skill level 16 in Maces & Flails
  7597 | D:8      | Reached XP level 10. HP: 49/92 MP: 12/12
  7604 | D:8      | XOM: polymorph freed slave -> hog
  7662 | D:8      | Found Utteykk's Antique Weapon Emporium.
  7673 | D:8      | Found a shimmering altar of Xom.
  7921 | D:8      | Noticed Psyche
  7930 | D:8      | Killed Psyche
  7947 | D:8      | Identified a scroll of acquirement
  7948 | D:8      | Got a bloodstained robe
  7959 | D:8      | Identified the +1 robe of Beogh's Castigation {rElec rN+ MR- Stlth+} (You acquired it on level 8 of the Dungeon)
  7982 | D:8      | Found Nuotuuci's Antique Weapon Shop.
  8043 | D:8      | XOM: stat loss: -1 Dex (9/10)
  8093 | D:8      | Found Odwil's Distillery.
  8153 | D:8      | Found Loplic's Weapon Emporium.
  8357 | D:8      | Noticed a komodo dragon
  8359 | D:8      | XOM: confuse monster(s)
  8415 | D:8      | XOM: confuse monster(s)
  8452 | D:8      | XOM: summons friendly white imp
  8458 | D:8      | XOM: divination: detect creatures
  8486 | D:8      | XOM: confuse monster(s)
  8496 | D:8      | XOM: confusion
  8498 | D:8      | HP: 23/92 [komodo dragon (26)]
  8502 | D:8      | Killed a komodo dragon
  8502 | D:8      | Reached skill level 17 in Maces & Flails
  8796 | D:8      | Upgraded the game from 0.17-a0-1324-ga541562 to 0.17-a0-1378-g281efdd
  8976 | D:8      | Found a staircase to the Lair.
  9024 | Lair:1   | Entered Level 1 of the Lair of Beasts
  9047 | Lair:1   | Noticed a seven-headed hydra
  9069 | Lair:1   | HP: 23/92 [water moccasin (2)]
  9071 | Lair:1   | XOM: noise
  9084 | Lair:2   | HP: 14/92 [porcupine's spines (13)]
  9232 | Lair:2   | XOM: divination: magic mapping
  9369 | Lair:2   | Reached skill level 3 in Dodging
  9433 | Lair:2   | XOM: divination: magic mapping
  9722 | Lair:2   | XOM: smoke on damage
  9914 | Lair:2   | XOM: god gift: hat {god gift}
  9962 | Lair:2   | XOM: summons friendly crimson imp
  9963 | Lair:2   | XOM: enchant monster (good)
  9973 | Lair:2   | Reached skill level 4 in Dodging
  9977 | Lair:2   | XOM: potion effect (might)
  9980 | Lair:2   | XOM: potion effect (haste)
  9984 | Lair:2   | XOM: silly message
  9997 | Lair:2   | XOM: smoke on damage
 10009 | Lair:2   | Reached skill level 5 in Dodging
 10013 | Lair:2   | HP: 20/92 [yak (12)]
 10021 | Lair:2   | XOM: potion effect (haste)
 10377 | Lair:2   | XOM: potion effect (haste)
 10381 | Lair:2   | XOM: potion effect (brilliance)
 10407 | Lair:2   | XOM: potion effect (agility)
 10412 | Lair:2   | Reached skill level 6 in Dodging
 10548 | Lair:2   | XOM: silly message
 10564 | Lair:2   | XOM: confusion (+ monsters)
 10579 | Lair:2   | Reached skill level 7 in Dodging
 10616 | Lair:2   | XOM: polymorph river rat -> giant eyeball
 10624 | Lair:2   | Reached XP level 11. HP: 78/100 MP: 13/13
 10818 | Lair:2   | XOM: medium Fire miscast
 10838 | Lair:2   | XOM: polymorph spiny frog -> wind drake
 10850 | Lair:2   | HP: 25/100 [poisoned by a spiny frog]
 10855 | Lair:2   | HP: 20/100 [poisoned by a spiny frog]
 10860 | Lair:2   | HP: 26/150 [poisoned by a spiny frog]
 10867 | Lair:2   | HP: 20/150 [porcupine's spines (5)]
 10867 | Lair:2   | XOM: harmless Pois miscast
 10872 | Lair:2   | HP: 17/150 [poisoned by a spiny frog]
 10878 | Lair:2   | HP: 16/150 [poisoned by a spiny frog]
 10883 | Lair:2   | HP: 15/150 [poisoned by a spiny frog]
 10889 | Lair:2   | HP: 14/150 [poisoned by a spiny frog]
 10898 | Lair:2   | HP: 14/150 [poisoned by a spiny frog]
 10906 | Lair:2   | HP: 15/150 [poisoned by a spiny frog]
 11702 | Lair:2   | XOM: cast spell 'Cause Fear'
 11703 | Lair:2   | Reached skill level 8 in Dodging
 11746 | Lair:2   | XOM: divination: detect creatures
 11899 | Lair:2   | XOM: god gift: 38 gold pieces
 12145 | Lair:2   | XOM: god gift: 1180 gold pieces
 12147 | Lair:2   | XOM: confuse monster(s)
 12216 | Lair:2   | XOM: confuse monster(s)
 12226 | Lair:2   | XOM: god gift: 5 meat rations
 12263 | Lair:3   | XOM: 6-stop teleportation journey
 12383 | Lair:3   | HP: 18/100 [black mamba (15)]
 12384 | Lair:3   | HP: 7/100 [black mamba (7)]
 12385 | Lair:3   | Quit the game

Vault maps used:
D:1:      minmay_arrival_split_and_join, hangedman_abyss_or_decor_stabs,
          glass_columns_a
D:2:      minmay_snake_closets, uniq_robin, uniq_iyjb
D:3:      fiery_altar_vehumet, first_bread
D:4:      nicolae_ru_sacrificial_ziggurat, zin_scriptorium,
          minmay_temple_entry_enclosed_plants, serial_shops, shop,
          minmay_unequal, uniq_eustachio, uniq_grinder, uniq_menkaure
D:5:      kennysheep_mini_moat, nicolae_for_you_no_charge
D:6:      kennysheep_steamy, kennysheep_vampire_church, lemuel_round_altar,
          evilmike_ruin_ashenzari, serial_shops, nicolae_shop_window_shopping
D:7:      kennysheep_little_box, slow_altar_2, lemuel_zombie_altar_yredelemnul,
          tso_metal_star
D:8:      old_standard_altar, david_lair_shrubbed, serial_shops,
          nicolae_shop_temple_entry_statues_fountains, shop_fountains,
          nicolae_shop_statue_plus, nicolae_shop_competitors_out_of_business,
          nicolae_shop_waterfront, uniq_psyche, uniq_joseph, uniq_pikel
Lair:1:   grunt_megastairs_2, lemuel_fruit_fields
Lair:3:   special_room, infiniplex_staircase_pool, uniq_gastronok

Action                   |  1- 3 |  4- 6 |  7- 9 | 10-12 || total
-------------------------+-------+-------+-------+-------++-------
Melee: Mace              |    96 |   220 |   253 |       ||   569
       Whip              |       |    55 |    14 |   353 ||   422
       Great mace        |       |       |    79 |       ||    79
Evoke: Wand              |       |       |     2 |    11 ||    13
  Use: Scroll            |       |     6 |    14 |    11 ||    31
       Potion            |       |     2 |     4 |     9 ||    15
 Stab: Sleeping          |     1 |       |       |       ||     1
       Paralysed         |       |     1 |       |     2 ||     3
       Confused          |       |       |     4 |     5 ||     9
  Eat: Chunk             |       |     7 |    13 |    16 ||    36
       Beef jerky        |       |       |     1 |       ||     1

Vault maps used:
D:1:      minmay_arrival_split_and_join, hangedman_abyss_or_decor_stabs,
          glass_columns_a
D:2:      minmay_snake_closets, uniq_robin, uniq_iyjb
D:3:      fiery_altar_vehumet, first_bread
D:4:      nicolae_ru_sacrificial_ziggurat, zin_scriptorium,
          minmay_temple_entry_enclosed_plants, serial_shops, shop,
          minmay_unequal, uniq_eustachio, uniq_grinder, uniq_menkaure
D:5:      kennysheep_mini_moat, nicolae_for_you_no_charge
D:6:      kennysheep_steamy, kennysheep_vampire_church, lemuel_round_altar,
          evilmike_ruin_ashenzari, serial_shops, nicolae_shop_window_shopping
D:7:      kennysheep_little_box, slow_altar_2, lemuel_zombie_altar_yredelemnul,
          tso_metal_star
D:8:      old_standard_altar, david_lair_shrubbed, serial_shops,
          nicolae_shop_temple_entry_statues_fountains, shop_fountains,
          nicolae_shop_statue_plus, nicolae_shop_competitors_out_of_business,
          nicolae_shop_waterfront, uniq_psyche, uniq_joseph, uniq_pikel
Lair:1:   grunt_megastairs_2, lemuel_fruit_fields
Lair:3:   special_room, infiniplex_staircase_pool, uniq_gastronok

Table legend:
 A = Turns spent in this place as a percentage of turns spent in the entire game.
 B = Non-inter-level travel turns spent in this place as a percentage of non-inter-level travel turns spent in the entire game.
 C = Inter-level travel turns spent in this place as a percentage of turns spent in this place.
 D = Turns resting spent in this place as a percentage of non-inter-level travel turns spent in this place.
 E = Turns spent auto-exploring this place as a percentage of non-inter-level travel turns spent in this place.
 F = Non-inter-level travel turns spent in this place divided by the number of levels of this place that you've seen.
                   A       B       C       D       E      F
               +-------+-------+-------+-------+-------+----------------------
         Total | 100.0 | 100.0 |   0.3 |   2.7 |   8.4 | 364.4
       Dungeon |  73.3 |  73.3 |   0.4 |   1.7 |  10.5 | 367.1
          Lair |  26.7 |  26.7 |   0.2 |   5.3 |   2.8 | 357.0
               +-------+-------+-------+-------+-------+----------------------

Table legend:
 A = Kills in this place as a percentage of kills in entire the game.
 B = Kills by you in this place as a percentage of kills by you in the entire game.
 C = Kills by friends in this place as a percentage of kills by friends in the entire game.
 D = Other kills in this place as a percentage of other kills in the entire game.
 E = Experience gained in this place as a percentage of experience gained in the entire game.
 F = Experience gained in this place divided by the number of levels of this place that you have seen.
                   A       B       C       D       E      F
               +-------+-------+-------+-------+-------+----------------------
         Total | 100.0 | 100.0 | 100.0 |  -nan | 100.0 | 1002.2
       Dungeon |  83.8 |  83.5 | 100.0 |  -nan |  55.3 | 762.1
          Lair |  16.2 |  16.5 |   0.0 |  -nan |  44.7 | 1642.3
               +-------+-------+-------+-------+-------+----------------------
